 Dungeon Crawl Stone Soup version 0.28-a0-664-gc179e30c89 (webtiles) character file.

Game seed: 6054688448590433528

698 spiderkeys the Skirmisher (level 7, -10/58 HPs)
             Began as a Barachi Abyssal Knight on Oct 15, 2021.
             Was a Believer of Lugonu.
             Mangled by an orc warrior (13 damage)
             ... on level 5 of the Dungeon.
             The game lasted 00:12:48 (6048 turns).

spiderkeys the Skirmisher (Barachi Abyssal Knight)  Turns: 6048, Time: 00:12:48

Health: -10/58     AC: 10    Str: 14 (16) XL:     7   Next: 65%
Magic:  9/9        EV:  9    Int:  9 (11) God:    Lugonu [**....]
Gold:   177        SH:  0    Dex: 11 (12) Spells: 6/6 levels left

rFire   . . .      SeeInvis .   a - +1 falchion
rCold   . . .      Faith    .   (no shield)
rNeg    . . .      Spirit   .   k - +0 scale mail
rPois   .          Reflect  .   (no helmet)
rElec   .          Harm     .   (no cloak)
rCorr   .          Rampage  +   (no gloves)
Will    .....                   d - +2 pair of boots {rampage}
Stlth   ..........              (no amulet)
HPRegen 0.19/turn               (no ring)
MPRegen 0.11/turn               (no ring)

@: lethally poisoned (-10 -> -16), unable to hop, slow
A: amphibious, slowness 1, strong legs 1, +LOS
a: Hop, Renounce Religion, Depart the Abyss, Bend Space


You were on level 5 of the Dungeon.
You worshipped Lugonu.
Lugonu was pleased with you.
You visited 1 branch of the dungeon, and saw 5 of its levels.
You visited the Abyss 1 time.

You collected 177 gold pieces.


Innate Abilities, Weirdness & Mutations

You are amphibious.
You cover ground slowly.
You can hop short distances.
You have an extended range of vision and can be seen from far away.


   Skills:
 + Level 6.0 Fighting
 + Level 5.4 Long Blades
 + Level 5.3 Armour
 - Level 1.1 Dodging
 + Level 3.9 Invocations


You had 6 spell levels left.
You didn't know any spells.
Your spell library contained the following spells:

 Spells                   Type           Power      Damage    Failure   Level
 Dazzling Flash           Conj/Hex       0%         N/A       99%         3
 Inner Flame              Hex/Fire       0%         N/A       99%         3
 Cause Fear               Hex            0%         N/A       100%        4
 Agony                    Necr           0%         N/A       100%        5
 Silence                  Hex/Air        0%         N/A       100%        5
 Discord                  Hex            0%         N/A       100%        8

Inventory:

Hand Weapons
 a - a +1 falchion (weapon)
Missiles
 c - 98 stones
 e - 14 poisoned darts
 n - 20 bolts
Armour
 b - a +0 leather armour
 d - a +2 pair of boots of rampaging (worn)
   (You found it on level 3 of the Abyss)
 k - a +0 scale mail (worn)
   (You found it on level 2 of the Dungeon)
Jewellery
 L - a ring of flight
   (You found it on level 3 of the Dungeon)
Scrolls
 u - 3 scrolls of fear
Potions
 m - 3 potions of might
 o - 2 potions of attraction {!q}
 s - a potion of cancellation

Dungeon Overview and Level Annotations

Branches:
Dungeon (5/15)
 Temple: D:4-7

Altars:
Zin

Shops:
D:2

= ###...####.# **,,,,,
####...#.######### *,,,,,,
#^.......##......#### *,,,,,,
#.#####..)..........# *,,,,,,
#o# ##........#+#.# *,,,,,, #.#
#........+∩+.# *,,,,,, ##o##
#.#.§§§§§#+#.# **,,,,,
#..)#####.##.§§§§..Z.# ****,,
#...(.....).§§@§o..$## **,
#..##########o#o§..## **,,
#..#*,,*,**#§§#...## ******,,*
#..#,**,**...##.### **,,,,,,**
##..**,*,8..##..# *,,,,,,,*
#.#**,#...#,#..# *,,,,,,,*
#.#,,.8.#?**#..# *,,,,,,,**
*#.**,##./,**...#*****,,,,,,,,,
**,,****...,,##...,,,,,,,,,≈,8,≈


You could see an orc warrior (weak-willed), an orc priest and an orc wizard.


Message History

😨 HP[-5]
You take 5 damage, and now have 21/58 hp.
You feel very sick. 😨 HP[-2]
You take 2 damage, and now have 19/58 hp.
Hop to where?
Press: ? - help, Dir - move target, p - orc warrior Boing!
You feel very sick. 😨 HP[-3]
You take 3 damage, and now have 16/58 hp.
It was a potion of flight.
You feel very buoyant.
You fly up into the air.
You feel sick. 😱 HP[-2]
You take 2 damage, and now have 14/58 hp.
You feel sick. 😱 HP[-2]
You take 2 damage, and now have 12/58 hp.
You feel sick. 😱 HP[-1]
You take 1 damage, and now have 11/58 hp.
As you read the scroll labelled IGOIDW HIKULO, it crumbles to dust.
You assume a fearsome visage.
The orc looks frightened!
The orc warrior looks frightened!
It was a scroll of fear.
You feel sick.
As you read the scroll labelled LEXAIGYAHU, it crumbles to dust.
Your attack snaps the orc out of its fear.
Your attack snaps the orc warrior out of its fear.
Magic quickly surges around you.
It was a scroll of vulnerability.
You feel sick. 😱 HP[-1]
You take 1 damage, and now have 10/58 hp.
As you read the scroll labelled FAMYNI TOCARGH, it crumbles to dust.
It is a scroll of enchant armour.
Your +1 pair of boots of rampaging glows green for a moment.
You feel sick. 😱 HP[-1]
You take 1 damage, and now have 9/58 hp.
As you read the scroll labelled VARRUEPT LOUS, it crumbles to dust.
You feel aware of your surroundings.
You sensed 1 altar, and 1 shop/portal.
It was a scroll of magic mapping.
You feel sick.
You are no longer poisoned. 😱 HP[-1]
You take 1 damage, and now have 8/58 hp.
As you read the scroll labelled ALUSOD JOGO, it crumbles to dust.
Wisps of shadow whirl around you...
It was a scroll of summoning.
The orc warrior hits your iguana with a +1 halberd of venom!
Your iguana bites the orc warrior but does no damage. 😱 HP[+1]
The orc hits your iguana with a +0 war axe.
Your iguana dies!
Your iguana's corpse dissolves into shadows!
Your adder closely misses the orc warrior.
The orc warrior hits your adder with a +1 halberd of venom!!
Your adder dies!
Your adder's corpse dissolves into shadows!
Throw: 15 darts (poison)
Press: ? - help, Shift-Dir - straight line, f - orc warrior
Aim: an orc warrior, wielding a +1 halberd of venom and wearing a +0 plate armour (lightly wounded, weak-willed, ally target, 59% to hit)
You throw a poisoned dart. The poisoned dart hits the orc warrior.
Your scorpion zombie barely misses the orc warrior.
Your scorpion zombie hits the orc warrior but does no damage.
The orc barely misses your necrophage.
The orc hits your scorpion zombie with a +0 war axe.
Your scorpion zombie hits the orc warrior but does no damage.
Your necrophage barely misses the orc warrior.
The orc hits your necrophage with a +0 war axe.
The orc hits your scorpion zombie but does no damage. 😱 HP[+1]
Your necrophage hits the orc.
The orc hits your necrophage with a +0 war axe!
Your necrophage hits the orc. The orc closely misses your necrophage.
Your necrophage hits the orc.
The orc dies!
Lugonu accepts your kill. The orc warrior closely misses you.
Your scorpion zombie hits the orc warrior but does no damage. 😱 HP[+1] 😱 HP[+1]
An orc wizard comes into view. It is wielding a +0 dagger.
The orc wizard shouts!
You are starting to lose your buoyancy.
Your scorpion zombie hits the orc warrior.
An orc priest comes into view. It is wielding a +0 flail. 😱 HP[+1]
As you read the scroll labelled KUCRIK ULUPHUSK, it crumbles to dust.
The scroll dissolves into smoke.
It was a scroll of fog.
The orc warrior hits you from afar with a +1 halberd of venom!
* * * LOW HITPOINT WARNING * * *
You are lethally poisoned! 😱 HP[-8]
You take 8 damage, and now have 5/58 hp.
Okay, then.
Your magical effects are unravelling.
You feel magically purged.
You float gracefully downwards.
You feel your willpower return.
* * * LOW HITPOINT WARNING * * *
You feel sick.
The orc warrior hits you from afar with a +1 halberd of venom!
You die...

Skill      XL: |  1  2  3  4  5  6  7 |
---------------+----------------------+-----
Fighting       | 4 5 6 |  6.0
Invocations    | 2 3 |  3.9
Long Blades    | 3 4 5 |  5.4
Armour         | 3 4 5 |  5.3
Dodging        | |  1.1

Action                   |  1- 3 |  4- 6 |  7- 9 || total
-------------------------+-------+-------+-------++-------
Melee: Falchion          |    97 |   138 |    87 ||   322
Throw: Javelin           |     1 |     2 |     2 ||     5
       Dart              |       |     9 |     3 ||    12
Invok: Depart the Abyss  |     1 |       |       ||     1
       Bend Space        |       |     1 |       ||     1
 Abil: Hop               |     1 |     2 |     2 ||     5
  Use: Scroll            |       |     2 |     8 ||    10
       Potion            |       |     2 |     5 ||     7
 Stab: Sleeping          |     2 |       |       ||     2
Armor: Leather armour    |    21 |       |       ||    21
       Scale mail        |     9 |    88 |    48 ||   145
Dodge: Dodged            |    41 |    99 |    46 ||   186

Levels and vault maps discovered:
D:1:      amcnicky_arrival_underground_garden, layout_basic,
          shapermc_ecumenical_altar_ellora, st_stairs_13
D:2:      layout_basic, serial_shops, nicolae_diamond_shop, basic_altar,
          minivault_27
D:3:      layout_loops_ring
D:4:      layout_cave_pools, mainiacjoe_overflow_brackets, dk_noncrumbling_3
D:5:      layout_cave_pods, mainiacjoe_overflow_catwalk, serial_shops,
          nicolae_shop_behind_doors, guppyfry_early_orc_mine, uniq_menkaure

Notes
Turn   | Place    | Note
-------+----------+-------------------------------------------
     0 | Abyss:1  | spiderkeys the Barachi Abyssal Knight began the quest for
                  | the Orb.
     0 | Abyss:1  | Reached XP level 1. HP: 18/18 MP: 2/2
     0 | Abyss:1  | magus.rc [v1.9.10]
    55 | Abyss:1  | Found a corrupted altar of Lugonu.
    90 | Abyss:3  | Noticed a starcursed mass
   102 | Abyss:3  | HP: 4/18 [starcursed mass/accursed screaming (8)]
   103 | D:1      | You pass through the gate.
   103 | D:1      | Escaped the Abyss
   614 | D:1      | Reached XP level 2. HP: 22/25 MP: 3/3
   828 | D:1      | Found a faded altar of an unknown god.
  1005 | D:1      | Reached skill level 4 in Fighting
  1005 | D:1      | Reached skill level 2 in Invocations
  1080 | D:1      | Reached * piety under Lugonu
  1089 | D:1      | Reached XP level 3. HP: 27/30 MP: 4/4
  1152 | D:1      | You pick up a book of the Senses and begin reading...
  1152 | D:1      | You add the spells Dazzling Flash, Agony and Silence to
                  | your library.
  1170 | D:1      | Reached skill level 3 in Long Blades
  1277 | D:1      | Reached skill level 3 in Armour
  1564 | D:2      | Found a glowing silver altar of Zin.
  2086 | D:2      | Found Zaprymn's Jewellery Shop.
  2542 | D:2      | Reached XP level 4. HP: 35/37 MP: 5/5
  2806 | D:3      | Noticed an ogre
  3076 | D:3      | Killed an ogre
  3077 | D:3      | Reached skill level 4 in Long Blades
  3077 | D:3      | Reached XP level 5. HP: 35/43 MP: 5/7
  3129 | D:3      | You pick up a book of Hexes and begin reading...
  3129 | D:3      | You add the spells Inner Flame, Cause Fear and Discord to
                  | your library.
  3176 | D:3      | Reached skill level 4 in Armour
  3794 | D:4      | Reached skill level 5 in Fighting
  3794 | D:4      | Reached skill level 3 in Invocations
  3794 | D:4      | Reached XP level 6. HP: 18/51 MP: 8/8
  4208 | D:4      | Reached ** piety under Lugonu
  4386 | D:4      | You pick up a book of Hexes and begin reading...
  4482 | D:4      | Found a glowing silver altar of Zin.
  4587 | D:5      | Entered Level 5 of the Dungeon
  4891 | D:4      | Reached XP level 7. HP: 23/56 MP: 9/9
  4894 | D:4      | HP: 12/56 [orc (3)]
  5165 | D:4      | Reached skill level 5 in Long Blades
  5384 | D:5      | Reached skill level 5 in Armour
  5629 | D:5      | HP: 14/57 [hound (2)]
  5635 | D:5      | HP: 9/57 [hound (5)]
  5644 | D:5      | HP: 11/85 [kobold (4)]
  5645 | D:5      | Reached skill level 6 in Fighting
  6021 | D:5      | HP: 14/58 [poisoned by an orc warrior]
  6026 | D:5      | HP: 9/58 [poisoned by an orc warrior]
  6047 | D:5      | HP: 5/58 [orc warrior (8)]
  6048 | D:5      | Mangled by an orc warrior

Vanquished Creatures
  2 ogres
  A kobold brigand (D:5)
  A scorpion (D:4)
  A howler monkey (D:5)
  A bullfrog zombie (D:4)
  A hound (D:5)
  An orc priest (D:4)
  A centaur skeleton (D:4)
  An iguana (D:4)
  An orc wizard (D:5)
  A scorpion zombie (D:5)
  4 adders
  4 gnolls (D:2)
  An adder zombie (D:5)
  2 adder skeletons (D:4)
  3 dart slugs
  2 worms
  4 orcs
  6 ball pythons
  8 endoplasms
  3 giant cockroaches
  6 goblins
  7 hobgoblins
  11 kobolds
  5 quokkas
  4 bats
  A frilled lizard (D:1)
  4 rats
87 creatures vanquished.

Vanquished Creatures (collateral kills)
  An orc (D:5)
1 creature vanquished.

Grand Total: 88 creatures vanquished

Table legend:
 A = Non-vault XP
 B = Vault XP
 C = Vault XP percentage of total XP
 D = Non-vault monster count
 E = Vault monster count
 F = Vault count percentage of total count
                 A         B        C        D         E       F
            +---------+---------+-------+---------+---------+-------
      Total |     985 |      13 |   1.3 |      84 |       4 |   4.5
            +---------+---------+-------+---------+---------+-------
        D:1 |      35 |       4 |  10.3 |      19 |       1 |   5.0
        D:2 |      95 |       0 |   0.0 |      18 |       0 |   0.0
        D:3 |     155 |       0 |   0.0 |      14 |       0 |   0.0
        D:4 |     421 |       0 |   0.0 |      20 |       0 |   0.0
        D:5 |     279 |       9 |   3.1 |      13 |       3 |  18.8
            +---------+---------+-------+---------+---------+-------

Illustrated notes

Table legend:
 A = Kills in this place as a percentage of kills in entire the game.
 B = Kills by you in this place as a percentage of kills by you in the entire game.
 C = Kills by friends in this place as a percentage of kills by friends in the entire game.
 D = Other kills in this place as a percentage of other kills in the entire game.
 E = Experience gained in this place as a percentage of experience gained in the entire game.
 F = Experience gained in this place divided by the number of levels of this place that you have seen.
                   A       B       C       D       E      F
               +-------+-------+-------+-------+-------+----------------------
         Total | 100.0 | 100.0 | 100.0 |   N/A | 100.0 | 124.8
       Dungeon | 100.0 | 100.0 | 100.0 |   N/A | 100.0 | 199.6
               +-------+-------+-------+-------+-------+----------------------

Table legend: (Time is in decaauts)
 A = Elapsed time spent in this place.
 B = Non-inter-level travel time spent in this place.
 C = Inter-level travel time spent in this place.
 D = Time resting spent in this place.
 E = Time spent auto-exploring this place.
 F = Levels seen in this place.
 G = Mean time per level.
                   A        B        C        D        E       F      G
               +--------+--------+--------+--------+--------+-----+--------+
         Total |   6659 |   6455 |    204 |    498 |   5090 |   8 |  832.4 |
       Dungeon |   6538 |   6334 |    204 |    498 |   5022 |   5 | 1307.6 |
         Abyss |    120 |    120 |      0 |      0 |     68 |   3 |   40.0 |
               +--------+--------+--------+--------+--------+-----+--------+

Top non-repeatable levels by time:
     D:1: 1611 daAuts
     D:4: 1597 daAuts
     D:2: 1329 daAuts
     D:3: 1111 daAuts
     D:5: 888 daAuts
 Abyss:1: 82 daAuts
 Abyss:3: 25 daAuts
 Abyss:2: 12 daAuts
